 Dungeon Crawl Stone Soup version 0.21.1-1-g345015f (webtiles) character file.

6 Iko the Firebug (level 1, 0/13 HPs)
             Began as a Barachi Fire Elementalist on June 13, 2018.
             Slain by a giant cockroach (1 damage)
             ... on level 2 of the Dungeon.
             The game lasted 00:01:34 (134 turns).

Iko the Firebug (Barachi Fire Elementalist)          Turns: 134, Time: 00:01:35

Health: 0/13       AC:  3    Str:  9    XL:     1   Next: 90%
Magic:  2/4        EV: 12    Int: 15    God:
Gold:   10         SH:  0    Dex: 12    Spells: 3/4 levels left

rFire    + . .     SeeInvis +   e - +0 whip
rCold    . . .     Gourm    .   (no shield)
rNeg     . . .     Faith    .   d - +0 leather armour
rPois    .         Spirit   .   (no helmet)
rElec    .         Reflect  .   (no cloak)
rCorr    .         Harm     .   (no gloves)
MR       .....                  (no boots)
Stlth    ++........             (no amulet)
HPRegen  0.04/turn              (no ring)
MPRegen  0.09/turn              (no ring)

@: lethally poisoned (0 -> -12), very slightly contaminated, slow
A: +LOS, swims, see invisible, fire resistance 1, high mp 1, slowness 1,
evolution 1, strong legs 1
a: Hop


You were on level 2 of the Dungeon.
You were not hungry.

You visited 1 branch of the dungeon, and saw 2 of its levels.

You collected 10 gold pieces.

Inventory:

Hand Weapons
 e - a +0 whip (weapon)
Armour
 d - a +0 leather armour (worn)
Scrolls
 a - a scroll of enchant weapon {unknown}
Books
 b - a book of Flames

   Spells                             Type                      Level
   a - Flame Tongue                   Conjuration/Fire             1
   b - Throw Flame                    Conjuration/Fire             2
   c - Conjure Flame                  Conjuration/Fire             3
   d - Inner Flame                    Hexes/Fire                   3
   e - Sticky Flame                   Conjuration/Fire             4
   f - Fireball                       Conjuration/Fire             5
Comestibles
 c - 3 rations


   Skills:
 + Level 2.2 Dodging
 + Level 2.2 Stealth
 + Level 2.3 Spellcasting
 + Level 1.1 Conjurations
 + Level 3.2 Fire Magic


You had 3 spell levels left.
You knew the following spells:

 Your Spells              Type           Power        Failure   Level  Hunger
a - Flame Tongue          Conj/Fire      #....        12%         1    #......


Dungeon Overview and Level Annotations

Branches:
Dungeon (2/15)

Altars:


Innate Abilities, Weirdness & Mutations

Shadows flee at your approach. (+LOS)
You can swim through water.
You cover ground slowly.
You can hop short distances.
You have supernaturally acute eyesight. (SInv)
Your flesh is heat resistant. (rF+)
You have an increased reservoir of magic. (+10% MP)
You evolve.


Message History

Nothing appears to happen.
The hobgoblin shouts!
You miss the adder. The adder bites you.
You are poisoned.
The adder poisons you!
You completely miss the adder.
You feel sick. The adder misses you.
Casting: Flame Tongue
Confirm with . or Enter, or press ? or * to list all spells.
Aiming: Flame Tongue
Press: ? - help, Shift-Dir - straight line, f/p - adder
Aim: an adder You miscast Flame Tongue.
The air around you burns with energy! The adder barely misses you. x3
You closely miss the adder. The adder closely misses you. The adder bites you.
You are lethally poisoned!
The adder poisons you!
You barely miss the adder.
You feel sick. The adder bites you.
* * * LOW HITPOINT WARNING * * *
The adder barely misses you. The giant cockroach bites you.
You die...

..# ############ ..
#..........# ..#
#..........# ..
#..........# # ..
#..........# #.###.
#.)........# .....
#..........# #
####..##..........# ..#
#....S@.......†...#...#
#>..gSs...............#
#......#.<............#
#...##.#...########...#
..... ..+...+ ...+
..... ####...# ...#
.... ##### .## .... #
...


You could see 2 adders, a giant cockroach and a hobgoblin.

Vanquished Creatures
  A dart slug (D:2)
  A giant cockroach (D:1)
  A goblin (D:2)
  A rat (D:2)
4 creatures vanquished.

Notes
Turn   | Place    | Note
-------+----------+-------------------------------------------
     0 | D:1      | Iko the Barachi Fire Elementalist began the quest for the Orb.
     0 | D:1      | Reached XP level 1. HP: 13/13 MP: 3/3
    16 | D:1      | Gained mutation: You evolve. [potion of mutation]
    16 | D:1      | Gained mutation: Your flesh is heat resistant. (rF+) [potion of mutation]
    16 | D:1      | Gained mutation: You have supernaturally acute eyesight. (SInv) [potion of mutation]
    16 | D:1      | Gained mutation: You have an increased reservoir of magic. (+10% MP) [potion of mutation]
   134 | D:2      | Slain by a giant cockroach

Skill      XL: |  1 |
---------------+----+-----
Stealth        | 2 |  2.2
Dodging        | |  2.2
Spellcasting   | |  2.3
Conjurations   | |  1.1
Fire Magic     | |  3.2

Action                   || total
-------------------------++-------
Melee: Whip              ||     4
       Unarmed           ||     4
 Cast: Flame Tongue      ||     5
  Use: Potion            ||     2
       Scroll            ||     1
Dodge: Dodged            ||     8
